[Event "Titled Tuesday Blitz November 01 Late 2022"]
[White "Olenik Campa, Rudi"]
[Black "Gareyev, Timur"]
[WhiteFideId "14633264"]
[BlackFideId "14200937"]
[WhiteElo "2051"]
[BlackElo "2552"]
[Result "0-1"]
[Round "02"]
[TimeControl "180+1"]
[Date "2022.11.02"]
[WhiteClock "0:00:24"]
[BlackClock "0:00:41"]

1. e4 e5 2. Nf3 Nc6 3. Bc4 Nf6 4. d3 h6 5. c3 d6 6. O-O g5 7. b4 Bg7 8. a4 O-O 9. a5 a6 10. Ne1 d5 11. exd5 Nxd5 12. Qb3 Nf4 13. Bxf4 gxf4 14. Nd2 Qe7 15. Ne4 Kh8 16. f3 f5 17. Nf2 Bd7 18. Ra2 Rf6 19. Re2 Rg6 20. d4 Qh4 21. d5 Nd8 22. Nfd3 Nf7 23. Nc5 Rd8 24. Ne6 Rg8 25. Bd3 Nd6 26. c4 Bxe6 27. dxe6 Rg5 28. c5 Rh5 29. h3 e4 30. cxd6 Bd4+ 31. Ref2 Qxh3 0-1


[Site "https://www.chess.com"]

[Event "Titled Tuesday Blitz November 01 Late 2022"]
[White "Omelja, Artem"]
[Black "Gasparyan, David"]
[WhiteFideId "14119846"]
[BlackFideId "13311980"]
[WhiteElo "2403"]
[BlackElo "2377"]
[Result "1-0"]
[Round "02"]
[TimeControl "180+1"]
[Date "2022.11.02"]
[WhiteClock "0:01:08"]
[BlackClock "0:00:04"]

1. d4 f5 2. Bf4 Nf6 3. e3 b6 4. Bd3 e6 5. Nf3 Bb7 6. O-O Be7 7. h3 O-O 8. c4 Ne4 9. Qc2 Qe8 10. Nbd2 Nxd2 11. Nxd2 Na6 12. Be2 Nb4 13. Qc3 a5 14. a3 Nc6 15. Bf3 g5 16. Bxc7 d6 17. Bxb6 Qg6 18. b4 g4 19. hxg4 fxg4 20. Be4 Qh5 21. b5 Rf6 22. Rfc1 Raf8 23. Bxc6 Bxc6 24. bxc6 Rh6 25. Kf1 g3 26. f3 Qh1+ 27. Ke2 Qxg2+ 28. Kd3 Qh3 29. Rg1 Rg6 30. c7 Qf5+ 31. e4 Qf4 32. Raf1 Bg5 33. Kc2 d5 34. cxd5 exd5 35. c8=Q Rxc8 36. Qxc8+ Kg7 37. Qc7+ Kg8 38. Qxf4 Bxf4 39. Bc5 h5 40. exd5 h4 41. Ne4 h3 42. Nxg3 Bxg3 43. Bd6 1-0


[Site "https://www.chess.com"]

[Event "Titled Tuesday Blitz November 01 Late 2022"]
[White "Ozates, Tuna"]
[Black "Kobla, Vishal"]
[WhiteFideId "6354521"]
[BlackFideId "2078457"]
[WhiteElo "2151"]
[BlackElo "1972"]
[Result "1-0"]
[Round "02"]
[TimeControl "180+1"]
[Date "2022.11.02"]
[WhiteClock "0:00:49"]
[BlackClock "0:00:04"]

1. Nf3 Nf6 2. c4 e6 3. d4 d5 4. e3 a6 5. Nc3 Be7 6. c5 O-O 7. Ne5 Nbd7 8. f4 c6 9. Bd3 Qc7 10. O-O b6 11. b4 a5 12. b5 bxc5 13. Nxc6 Bd6 14. g4 g6 15. f5 cxd4 16. exd4 e5 17. g5 Nh5 18. Nxd5 Qb7 19. a4 Nb6 20. Nf6+ Nxf6 21. gxf6 Re8 22. Qd2 e4 23. Ba3 Bxa3 24. Rxa3 e3 25. Qe1 e2 26. Bxe2 Bxf5 27. Rxf5 Rxe2 28. Qxe2 gxf5 29. Qg2+ Kf8 30. Re3 1-0


[Site "https://www.chess.com"]

[Event "Titled Tuesday Blitz November 01 Late 2022"]
[White "Pakleza, Zbigniew"]
[Black "Jobava, Baadur"]
[WhiteFideId "1119290"]
[BlackFideId "13601520"]
[WhiteElo "2411"]
[BlackElo "2582"]
[Result "0-1"]
[Round "02"]
[TimeControl "180+1"]
[Date "2022.11.01"]
[WhiteClock "0:00:20"]
[BlackClock "0:00:16"]

1. d4 Nf6 2. Nf3 g6 3. Bf4 Bg7 4. e3 O-O 5. Be2 b6 6. O-O Bb7 7. h3 d6 8. c3 c5 9. a4 Nbd7 10. a5 bxa5 11. Qa4 Rb8 12. Qxa5 Qxa5 13. Rxa5 Bd5 14. b4 cxb4 15. c4 Bxf3 16. Bxf3 Rfc8 17. Nd2 e5 18. Bg3 exd4 19. exd4 Bh6 20. Nb3 Rxc4 21. Bxd6 Rb6 22. Bc5 Nxc5 23. dxc5 Rb8 24. Rxa7 Rc3 25. Rb1 Bf8 26. c6 Bd6 27. Kf1 Kf8 28. Rb7 Rc8 29. Rd1 Ne8 30. Nd4 Bc5 31. Ne2 Ra3 32. Bd5 Nd6 33. Rd7 Ra7 34. Ng3 Rxd7 35. cxd7 Rd8 36. Bc6 f5 37. Ne2 Ke7 38. Nf4 Rb8 39. Nd5+ Kd8 40. Re1 Ne4 41. g4 b3 42. gxf5 b2 43. fxg6 hxg6 44. Nc3 Nxc3 45. Re8+ Kc7 46. Rxb8 b1=Q+ 47. Rxb1 Nxb1 48. Be4 Nd2+ 49. Ke2 Nxe4 50. Kf3 Nf6 51. Kf4 Kxd7 52. Kg5 Ke6 53. Kxg6 Bxf2 54. Kg5 Be3+ 55. Kh4 Kf5 56. Kg3 Ke4 57. Kh4 Kf5 58. Kg3 Bf4+ 59. Kf3 Be5 60. Kg2 Kf4 61. Kf2 Bd4+ 62. Kg2 Ne4 63. Kh2 Kf3 64. Kh1 Ng3+ 65. Kh2 Bc5 66. h4 Kg4 67. h5 Nxh5 68. Kg2 Nf4+ 69. Kf1 Kf3 70. Ke1 Be3 71. Kd1 Ke4 72. Kc2 Kd4 73. Kb3 Nd5 74. Ka4 Kc4 75. Ka5 Nb4 76. Ka4 Bb6 77. Ka3 Nd3 78. Ka4 Nb2+ 79. Ka3 Kc3 80. Ka2 Kc2 81. Ka3 Bc5+ 82. Ka2 Nd3 83. Ka1 Bb4 84. Ka2 Nc1+ 85. Ka1 Bc3# 0-1


[Site "https://www.chess.com"]

[Event "Titled Tuesday Blitz November 01 Late 2022"]
[White "Pap, Gyula"]
[Black "Szpar, Milosz"]
[WhiteFideId "725323"]
[BlackFideId "1184989"]
[WhiteElo "2519"]
[BlackElo "2422"]
[Result "1-0"]
[Round "02"]
[TimeControl "180+1"]
[Date "2022.11.01"]
[WhiteClock "0:01:25"]
[BlackClock "0:01:11"]

1. d4 d5 2. c4 dxc4 3. Nf3 Nf6 4. e3 e6 5. Bxc4 a6 6. O-O c5 7. dxc5 Bxc5 8. Qxd8+ Kxd8 9. Be2 Ke7 10. Ne5 Nbd7 11. Nd3 b6 12. Nxc5 Nxc5 13. f3 Bb7 14. e4 Rac8 15. Be3 Rhd8 16. Nc3 b5 17. Rfd1 Rxd1+ 18. Rxd1 Nfd7 19. Kf2 b4 20. Nb1 a5 21. Rc1 Na4 22. b3 Rxc1 23. Bxc1 Nac5 24. Be3 Kd6 25. Nd2 Nb6 26. Bb5 Bc6 27. e5+ Kd5 28. Bc4+ Nxc4 29. bxc4+ Kxe5 30. Bxc5 g5 31. Bb6 a4 32. Bc5 b3 33. axb3 axb3 34. Nxb3 h5 35. Ke3 g4 36. f4+ Kf6 37. g3 e5 38. Bd6 exf4+ 39. Bxf4 Kf5 40. Nd4+ 1-0


[Site "https://www.chess.com"]

[Event "Titled Tuesday Blitz November 01 Late 2022"]
[White "Papasimakopoulos, Alexandros"]
[Black "Burcu, Cagatay"]
[WhiteFideId "4244125"]
[BlackFideId "6310630"]
[WhiteElo "2809"]
[BlackElo "2556"]
[Result "0-1"]
[Round "02"]
[TimeControl "180+1"]
[Date "2022.11.02"]
[WhiteClock "0:01:07"]
[BlackClock "0:00:24"]

1. d4 d5 2. c4 c6 3. cxd5 cxd5 4. Bf4 Nf6 5. Nc3 Nc6 6. e3 Bf5 7. Qb3 Na5 8. Qa4+ Bd7 9. Qc2 e6 10. Nf3 Be7 11. h3 Rc8 12. Bd3 Nc6 13. a3 Nh5 14. Bh2 f5 15. g4 fxg4 16. hxg4 Nf6 17. g5 Ne4 18. Bxe4 dxe4 19. Qxe4 Qb6 20. O-O-O Na5 21. Rd3 Nc4 22. b4 Nxa3 23. d5 Bb5 24. Rhd1 Bxd3 25. Rxd3 Qxb4 26. Be5 Qxe4 0-1


[Site "https://www.chess.com"]

[Event "Titled Tuesday Blitz November 01 Late 2022"]
[White "Paszewski, Mateusz"]
[Black "Ter-Sahakyan, Samvel"]
[WhiteFideId "1141058"]
[BlackFideId "13302531"]
[WhiteElo "2213"]
[BlackElo "2604"]
[Result "0-1"]
[Round "02"]
[TimeControl "180+1"]
[Date "2022.11.01"]
[WhiteClock "0:00:29"]
[BlackClock "0:00:56"]

1. Nf3 d5 2. e3 Nf6 3. c4 e6 4. Nc3 Be7 5. b3 O-O 6. Bb2 b6 7. cxd5 exd5 8. g3 Bb7 9. Bg2 Nbd7 10. O-O Re8 11. Rc1 a6 12. Re1 Bd6 13. d3 Rc8 14. Re2 c5 15. d4 c4 16. a4 Bb4 17. Nd2 cxb3 18. Qxb3 Bxc3 19. Rxc3 Rxc3 20. Bxc3 Qc7 21. Re1 Rc8 22. Rc1 Qd8 23. Bb2 Rxc1+ 24. Bxc1 a5 25. Nb1 Qc7 26. Ba3 Ba6 27. Bxd5 Nxd5 28. Qxd5 Bb7 29. Qd6 Qc2 30. d5 Qxb1+ 31. Kg2 Qe4+ 32. Kh3 Qxd5 33. Qc7 Qh5# 0-1


[Site "https://www.chess.com"]

[Event "Titled Tuesday Blitz November 01 Late 2022"]
[White "Pham, Khoi"]
[Black "Itkis, Boris"]
[WhiteFideId "1054988"]
[BlackFideId "1209167"]
[WhiteElo "2475"]
[BlackElo "2232"]
[Result "1-0"]
[Round "02"]
[TimeControl "180+1"]
[Date "2022.11.02"]
[WhiteClock "0:01:17"]
[BlackClock "0:01:06"]

1. e4 e5 2. Nf3 Nc6 3. Nc3 Nf6 4. a3 d5 5. Bb5 Nxe4 6. Nxe5 Qg5 7. Nxc6 Qxg2 8. Nd4+ c6 9. Qf3 Qxf3 10. Nxf3 cxb5 11. Nxd5 Kd7 12. d3 Nd6 13. Bf4 b6 14. Nc3 f6 15. Nd4 Bb7 16. Rg1 Re8+ 17. Kd2 h5 18. Ndxb5 Nc8 19. Rae1 Bc5 20. Rxg7+ Ne7 21. d4 a6 22. dxc5 axb5 23. cxb6 1-0


[Site "https://www.chess.com"]

[Event "Titled Tuesday Blitz November 01 Late 2022"]
[White "Piesik, Piotr"]
[Black "Hoffmann, Asa"]
[WhiteFideId "1136194"]
[BlackFideId "2001470"]
[WhiteElo "2323"]
[BlackElo "2117"]
[Result "1-0"]
[Round "02"]
[TimeControl "180+1"]
[Date "2022.11.02"]
[WhiteClock "0:00:49"]
[BlackClock "0:00:33"]

1. Nf3 d6 2. d4 Bg4 3. e4 Nf6 4. Nbd2 c6 5. h3 Bh5 6. Bd3 e6 7. O-O d5 8. e5 Nfd7 9. c4 dxc4 10. Nxc4 Nb6 11. Be3 N8d7 12. a4 Nxc4 13. Bxc4 Nb6 14. Bb3 Nd5 15. g4 Bg6 16. Nd2 Be7 17. Qf3 h5 18. a5 a6 19. Ne4 hxg4 20. hxg4 Bxe4 21. Qxe4 Bb4 22. Kg2 Bxa5 23. Rh1 Rf8 24. Rh7 g6 25. Bh6 Bb4 26. Bxf8 Bxf8 27. Qf3 Qd7 28. Rah1 O-O-O 29. Rxf7 Be7 30. Rhh7 Re8 31. Bc2 Qc7 32. Bxg6 Qb6 33. Rfg7 Rd8 34. Rxe7 Nxe7 35. Rxe7 Qxd4 36. Rxe6 Qxb2 37. Qf5 Kb8 38. Re8 Rxe8 39. Bxe8 Qd4 40. e6 Qd6 41. Bf7 c5 42. g5 c4 43. g6 Qf8 44. Qe5+ Ka8 45. e7 1-0


[Site "https://www.chess.com"]

[Event "Titled Tuesday Blitz November 01 Late 2022"]
[White "Pinheiro, Iung Alicio de O."]
[Black "Jones, Gawain C B"]
[WhiteFideId "2104350"]
[BlackFideId "409561"]
[WhiteElo "2594"]
[BlackElo "2857"]
[Result "0-1"]
[Round "02"]
[TimeControl "180+1"]
[Date "2022.11.02"]
[WhiteClock "0:00:23"]
[BlackClock "0:01:22"]

1. d4 Nf6 2. Bf4 g6 3. Nc3 d5 4. e3 Bg7 5. h4 h5 6. Nf3 O-O 7. Be2 c5 8. dxc5 Qa5 9. Qd2 Qxc5 10. a3 Bg4 11. O-O Nbd7 12. Ne5 Nxe5 13. Bxe5 Ne4 14. Nxe4 dxe4 15. Bxg7 Kxg7 16. Bxg4 hxg4 17. Rfd1 Rad8 18. Qb4 Rxd1+ 19. Rxd1 Qxc2 20. Rd7 g3 21. fxg3 Qc1+ 22. Kf2 Rc8 23. Rd2 Rc4 24. Qa5 Rc5 25. Qb4 Rf5+ 0-1


[Site "https://www.chess.com"]

[Event "Titled Tuesday Blitz November 01 Late 2022"]
[White "Poliakova, Varvara"]
[Black "Romero Ruscalleda, Josep"]
[WhiteFideId "13518313"]
[BlackFideId "2231859"]
[WhiteElo "1938"]
[BlackElo "2295"]
[Result "1-0"]
[Round "02"]
[TimeControl "180+1"]
[Date "2022.11.02"]
[WhiteClock "0:01:11"]
[BlackClock "0:00:04"]

1. e4 g6 2. d4 Bg7 3. Nc3 d6 4. f4 a6 5. Nf3 b5 6. Bd3 Nd7 7. O-O c5 8. e5 cxd4 9. Ne4 dxe5 10. fxe5 Nxe5 11. Nxe5 Bxe5 12. Qf3 Be6 13. Ng5 Bd5 14. Be4 Nf6 15. Bxd5 Qxd5 16. Qxd5 Nxd5 17. Nxf7 Bxh2+ 18. Kxh2 Rf8 19. Rd1 Rxf7 20. Rxd4 O-O-O 21. Bd2 e5 22. Re4 Rf5 23. Rae1 Nf6 24. R4e2 e4 25. Bc3 Nd5 26. Ba5 Re8 27. Rxe4 Rxe4 28. Rxe4 Rf2 29. c4 Nf6 30. Re6 bxc4 31. Rxa6 h5 32. Bc3 Ng4+ 33. Kg3 Re2 34. Rxg6 Kd7 35. a4 Re3+ 36. Kh4 Re2 37. g3 Ne3 38. a5 Nd5 39. a6 Nxc3 40. bxc3 Ra2 41. a7 Ke7 42. Kxh5 Kf7 43. g4 Rxa7 44. Rc6 Ra5+ 45. Kh4 Ra2 46. Rxc4 Kg6 47. Rc6+ Kg7 48. Kh5 Rh2+ 49. Kg5 Rc2 50. Rc7+ Kf8 51. Kg6 Rc1 52. g5 Rc2 53. Rc8+ Ke7 54. Kg7 Rg2 55. g6 Kd7 56. Rc4 Rg3 57. Kh7 Rh3+ 58. Kg8 Ke8 59. g7 Rf3 60. Re4+ Kd7 61. Re5 Rxc3 62. Kh7 Rh3+ 63. Kg6 Rg3+ 64. Rg5 1-0


[Site "https://www.chess.com"]

[Event "Titled Tuesday Blitz November 01 Late 2022"]
[White "Poltorak, Sebastian"]
[Black "Bernat, David"]
[WhiteFideId "1199498"]
[BlackFideId "2099225"]
[WhiteElo "2232"]
[BlackElo "2284"]
[Result "1-0"]
[Round "02"]
[TimeControl "180+1"]
[Date "2022.11.02"]
[WhiteClock "0:01:19"]
[BlackClock "0:00:06"]

1. d4 d5 2. c4 e5 3. dxe5 d4 4. Nf3 Nc6 5. Nbd2 Nge7 6. g3 Ng6 7. Bg2 Ngxe5 8. O-O Nxf3+ 9. Nxf3 Be7 10. b3 O-O 11. Bb2 Bf6 12. Qd2 Re8 13. Rad1 Bg4 14. Rfe1 Bxf3 15. Bxf3 Bg5 16. Qd3 Ne5 17. Qxd4 Nxf3+ 18. exf3 Qxd4 19. Bxd4 a5 20. f4 Be7 21. Bc3 Bd6 22. Rxe8+ Rxe8 23. Re1 Ra8 24. Be5 Bb4 25. Rd1 c6 26. Rd7 b5 27. cxb5 cxb5 28. Rb7 f6 29. Bb8 h5 30. Rxb5 Kf7 31. Kg2 Ke6 32. f5+ Kd7 33. Bf4 Kc6 34. Rb8 Ra7 35. Kf3 Kd5 36. Rd8+ Kc6 37. Rh8 Kd5 38. Rxh5 Kd4 39. Be3+ 1-0


[Site "https://www.chess.com"]

[Event "Titled Tuesday Blitz November 01 Late 2022"]
[White "Popilski, Gil"]
[Black "Yanchenko, Roman"]
[WhiteFideId "2809060"]
[BlackFideId "4137329"]
[WhiteElo "2544"]
[BlackElo "2783"]
[Result "0-1"]
[Round "02"]
[TimeControl "180+1"]
[Date "2022.11.02"]
[WhiteClock "0:00:08"]
[BlackClock "0:01:29"]

1. d4 d5 2. c4 c6 3. Nf3 Bf5 4. Qb3 Qb6 5. cxd5 Qxb3 6. axb3 cxd5 7. Nc3 e6 8. Nb5 Bb4+ 9. Bd2 Bxd2+ 10. Kxd2 Kd8 11. Nxa7 Na6 12. Nb5 Ke7 13. e3 Nf6 14. Nc3 Rhc8 15. Ra4 Ne4+ 16. Nxe4 Bxe4 17. Bd3 Bxf3 18. gxf3 Nc7 19. Rc1 Kd6 20. Rb4 b5 21. Bxb5 Rab8 22. Rc6+ Ke7 23. Rc5 Kd8 24. f4 Rb6 25. Ra4 Rxb5 26. b4 Rb7 27. Kc3 Nb5+ 28. Kb3 Nd6 29. f3 Nf5 30. e4 dxe4 31. fxe4 Nxd4+ 32. Kc4 Nc2 33. b5 Ne3+ 34. Kb4 Nc2+ 35. Kc4 Rbc7 36. b4 Ne3+ 37. Kd4 Ng2 38. b6 Rd7+ 39. Kc4 Rb8 40. Kb5 Nxf4 41. Kc6 Nd3 42. Ra7 Nxb4+ 43. Kb5 Rxa7 0-1


[Site "https://www.chess.com"]

[Event "Titled Tuesday Blitz November 01 Late 2022"]
[White "Postny, Evgeny"]
[Black "Rodrigues, Bruno Morado"]
[WhiteFideId "2804344"]
[BlackFideId "2115654"]
[WhiteElo "2473"]
[BlackElo "2040"]
[Result "1-0"]
[Round "02"]
[TimeControl "180+1"]
[Date "2022.11.02"]
[WhiteClock "0:00:11"]
[BlackClock "0:00:01"]

1. e4 c5 2. Nf3 Nc6 3. d4 cxd4 4. Nxd4 e5 5. Nb5 d6 6. c4 Be7 7. Be2 Be6 8. O-O Rc8 9. N1c3 a6 10. Na3 Nf6 11. Nc2 O-O 12. Be3 Qc7 13. Rc1 Rfd8 14. Qd2 Qb8 15. f3 Rd7 16. Nd5 Bd8 17. Rfd1 Bxd5 18. cxd5 Ne7 19. Kh1 Rdc7 20. a4 b5 21. Nb4 Rxc1 22. Rxc1 bxa4 23. Nxa6 Qb7 24. Rxc8 Nxc8 25. Qb4 Qxb4 26. Nxb4 Bb6 27. Bc1 Bc5 28. Nc6 Nd7 29. g3 Kf8 30. Kg2 Ne7 31. Bb5 Nb6 32. Kf1 Nxc6 33. dxc6 Ke7 34. c7 Nc8 35. Bxa4 Bb6 36. Ke2 Bxc7 37. Kd3 Nb6 38. Bb3 Nd7 39. Bd5 Ba5 40. Kc4 f6 41. Kb5 Bb6 42. Kc6 Bg1 43. h3 Nb6 44. b4 Bf2 45. g4 g6 46. Bd2 h5 47. b5 hxg4 48. hxg4 Bd4 49. Ba5 1-0


[Site "https://www.chess.com"]

[Event "Titled Tuesday Blitz November 01 Late 2022"]
[White "Predke, Alexandr"]
[Black "Rosen, Eric"]
[WhiteFideId "24107581"]
[BlackFideId "2032562"]
[WhiteElo "2614"]
[BlackElo "2362"]
[Result "1-0"]
[Round "02"]
[TimeControl "180+1"]
[Date "2022.11.01"]
[WhiteClock "0:00:08"]
[BlackClock "0:00:01"]

1. Nf3 d5 2. g3 Nf6 3. Bg2 e6 4. O-O Be7 5. d4 b5 6. a4 b4 7. c4 bxc3 8. Nxc3 O-O 9. Ne5 Nfd7 10. e4 Nxe5 11. exd5 Nc4 12. d6 cxd6 13. Bxa8 d5 14. a5 Qc7 15. Bf4 Bd6 16. Nb5 Qe7 17. Nxd6 Nxd6 18. Qb3 Ba6 19. Qa3 Rd8 20. Rfc1 g5 21. Be5 f6 22. Bxd6 Rxd6 23. Qc5 h5 24. Qc7 Nd7 25. Qxa7 Bd3 26. Rc8+ Kg7 27. Rac1 e5 28. dxe5 Qxe5 29. R8c7 Bf5 30. Qe3 Be4 31. Bc6 Qf5 32. Bxd7 Rxd7 33. Rxd7+ Qxd7 34. a6 Qh3 35. f3 Bf5 36. a7 d4 37. Qe7+ Kg6 38. a8=Q g4 39. Qg8+ Kh6 40. Qeg7# 1-0


[Site "https://www.chess.com"]

[Event "Titled Tuesday Blitz November 01 Late 2022"]
[White "Prohorov, Olexandr"]
[Black "Jimenez Almeida, Luis David"]
[WhiteFideId "14105578"]
[BlackFideId "22242244"]
[WhiteElo "1993"]
[BlackElo "2158"]
[Result "0-1"]
[Round "02"]
[TimeControl "180+1"]
[Date "2022.11.02"]
[WhiteClock "0:00:28"]
[BlackClock "0:00:21"]

1. e4 g6 2. h4 h5 3. Nf3 Bg7 4. Bc4 c6 5. Ng5 d5 6. exd5 cxd5 7. Qf3 Nf6 8. Bb5+ Nc6 9. Nc3 O-O 10. Bxc6 bxc6 11. d3 e5 12. Bd2 Rb8 13. Rb1 Re8 14. O-O Bg4 15. Qg3 Qd7 16. Rfe1 Nh7 17. Nf3 e4 18. Nh2 exd3 19. cxd3 Bf5 20. b3 Nf6 21. Na4 Ng4 22. Nxg4 Bxg4 23. Nc5 Qf5 24. Bf4 Rbc8 25. Rbc1 Bf6 26. b4 Bxh4 27. Qxh4 Qxf4 28. Kh1 Rxe1+ 29. Rxe1 Qxb4 30. Nd7 Qxe1+ 31. Kh2 Bxd7 0-1


[Site "https://www.chess.com"]

[Event "Titled Tuesday Blitz November 01 Late 2022"]
[White "Prydun, Andriy"]
[Black "Fernandez Guillen, Ernesto J."]
[WhiteFideId "14145898"]
[BlackFideId "3512428"]
[WhiteElo "2163"]
[BlackElo "2422"]
[Result "0-1"]
[Round "02"]
[TimeControl "180+1"]
[Date "2022.11.02"]
[WhiteClock "0:00:50"]
[BlackClock "0:01:51"]

1. e4 e5 2. Nf3 Nc6 3. Nc3 g6 4. Bb5 Bg7 5. Bxc6 bxc6 6. O-O Ne7 7. d3 O-O 8. Re1 c5 9. Bg5 h6 10. Bxe7 Qxe7 11. Nd5 Qd8 12. Ne3 f5 13. exf5 gxf5 14. c3 d5 15. c4 d4 16. Nc2 Qd6 17. a3 Bb7 18. b4 e4 19. Nh4 Qf6 20. g3 f4 21. dxe4 fxg3 22. fxg3 Qf2+ 23. Kh1 Rae8 24. Qd3 Rxe4 25. Rxe4 Re8 26. Re1 Rxe4 27. Rxe4 Bxe4+ 28. Qxe4 Qf1# 0-1


[Site "https://www.chess.com"]

[Event "Titled Tuesday Blitz November 01 Late 2022"]
[White "Przybylski, Wojciech"]
[Black "Fernandez Hernandez, Gerardo"]
[WhiteFideId "1117599"]
[BlackFideId "2207400"]
[WhiteElo "2221"]
[BlackElo "2235"]
[Result "1-0"]
[Round "02"]
[TimeControl "180+1"]
[Date "2022.11.02"]
[WhiteClock "0:00:08"]
[BlackClock "0:00:02"]

1. e4 e6 2. d4 d5 3. Nc3 Nc6 4. Bb5 dxe4 5. Bxc6+ bxc6 6. Nxe4 Qd5 7. Qf3 Be7 8. Ne2 Ba6 9. Nf4 Qxd4 10. Be3 Qxb2 11. Rd1 Bb4+ 12. Nd2 Qxc2 13. a3 Ba5 14. Nxe6 fxe6 15. Qh5+ g6 16. Qe5 Qd3 17. Qxe6+ Ne7 18. Bg5 Bxd2+ 19. Rxd2 Qb1+ 20. Rd1 Qxd1+ 21. Kxd1 Rd8+ 22. Kc1 Rd7 23. Re1 Rf8 24. Bxe7 Rf7 25. Bd6+ 1-0


[Site "https://www.chess.com"]

[Event "Titled Tuesday Blitz November 01 Late 2022"]
[White "Qashashvili, Alexandre"]
[Black "Baglan, Esat"]
[WhiteFideId "13600842"]
[BlackFideId "6309216"]
[WhiteElo "2405"]
[BlackElo "2231"]
[Result "0-1"]
[Round "02"]
[TimeControl "180+1"]
[Date "2022.11.02"]
[WhiteClock "0:00:28"]
[BlackClock "0:01:17"]

1. e4 c5 2. Nc3 g6 3. Nf3 Bg7 4. d3 Nc6 5. Be3 d6 6. Qd2 Bg4 7. Be2 Bxf3 8. Bxf3 Nd4 9. Bd1 e6 10. O-O Ne7 11. Bh6 O-O 12. Bxg7 Kxg7 13. Ne2 Nxe2+ 14. Bxe2 e5 15. f4 f6 16. Bg4 Qb6 17. b3 a5 18. c3 Rad8 19. Be6 d5 20. exd5 Nxd5 21. Bxd5 Rxd5 22. fxe5 Rxe5 23. Rae1 Rfe8 24. Rxe5 Rxe5 25. Re1 c4+ 26. d4 cxb3 27. Rxe5 fxe5 28. axb3 Qxb3 29. dxe5 Qb1+ 30. Kf2 Qf5+ 31. Kg1 Qxe5 32. Qd7+ Kh6 33. Qh3+ Kg7 34. Qd7+ Kf6 35. Qd8+ Qe7 36. Qd4+ Kf7 37. Qd5+ Kf8 38. h3 Qe1+ 39. Kh2 Qxc3 40. Qxb7 h5 41. h4 Qe5+ 42. g3 Qf5 43. Qa7 Ke8 44. Kg2 Qe4+ 45. Kh2 a4 46. Kh3 Qh1# 0-1


[Site "https://www.chess.com"]

[Event "Titled Tuesday Blitz November 01 Late 2022"]
[White "Rangel, Daniel"]
[Black "Tanenbaum, Zachary"]
[WhiteFideId "2124475"]
[BlackFideId "2060850"]
[WhiteElo "2225"]
[BlackElo "2175"]
[Result "1-0"]
[Round "02"]
[TimeControl "180+1"]
[Date "2022.11.02"]
[WhiteClock "0:00:11"]
[BlackClock "0:00:10"]

1. c4 e5 2. g3 Nc6 3. Bg2 Nf6 4. Nc3 Bc5 5. e3 d6 6. Nge2 O-O 7. O-O Re8 8. d4 Bb6 9. Nd5 Bg4 10. Nxb6 axb6 11. d5 Ne7 12. f3 Bd7 13. e4 Qc8 14. Rf2 Ng6 15. Be3 Nh5 16. Nc3 Bh3 17. Bh1 Qd8 18. b4 f5 19. exf5 Ne7 20. g4 Nf4 21. Bxf4 exf4 22. Qd2 Ra3 23. Ne4 Re3 24. Re1 Rxe1+ 25. Qxe1 Nc8 26. Re2 Kf8 27. Qd2 Qh4 28. Qxf4 h5 29. Bg2 hxg4 30. fxg4 Qxg4 31. Qxg4 Bxg4 32. Rf2 Kf7 33. Ng5+ Kf6 34. Ne6 Ne7 35. Be4 Ke5 36. Bd3 Kf6 37. Nxc7 Ra8 38. Ne6 Ra3 39. Bf1 Re3 40. h3 Bxf5 41. Nd8 Rc3 42. Nxb7 b5 43. cxb5 Nxd5 44. Nxd6 g6 45. Ne4+ Ke5 46. Nxc3 Nxc3 47. b6 Be4 48. Bg2 Bxg2 49. Rxg2 Nd5 50. b7 Kf6 51. b8=Q Ne7 52. Qd6+ Kf7 53. Rf2+ Nf5 54. Rxf5+ gxf5 55. b5 f4 56. b6 f3 57. b7 f2+ 58. Kxf2 Kg7 59. b8=Q Kh7 60. Qbc7+ Kg8 61. Qdd8# 1-0


[Site "https://www.chess.com"]

[Event "Titled Tuesday Blitz November 01 Late 2022"]
[White "Richter, Paul"]
[Black "Boruchovsky, Avital"]
[WhiteFideId "2046350"]
[BlackFideId "2800055"]
[WhiteElo "2578"]
[BlackElo "2829"]
[Result "0-1"]
[Round "02"]
[TimeControl "180+1"]
[Date "2022.11.02"]
[WhiteClock "0:00:04"]
[BlackClock "0:00:18"]

1. e4 e5 2. Nf3 Nc6 3. Bb5 a6 4. Ba4 Nf6 5. d3 b5 6. Bb3 Be7 7. O-O Bb7 8. Re1 O-O 9. Nbd2 d6 10. c3 Qd7 11. Nf1 Nd8 12. Ng3 c5 13. Nf5 Ne6 14. c4 Bd8 15. h3 g6 16. Ne3 Nf4 17. Nd5 N6xd5 18. cxd5 Bf6 19. Bxf4 exf4 20. d4 cxd4 21. Nxd4 Rac8 22. Qd2 Rc5 23. Rad1 Be5 24. Nf3 Qe7 25. Rc1 Rfc8 26. Rxc5 Rxc5 27. Rc1 Rxc1+ 28. Qxc1 Bf6 29. Qc2 Kg7 30. a3 Qd8 31. a4 Qb6 32. axb5 Qxb5 33. Nd2 a5 34. Nc4 Ba6 35. Kh2 Qc5 36. Ba2 Bd4 37. f3 Qb4 0-1


[Site "https://www.chess.com"]

[Event "Titled Tuesday Blitz November 01 Late 2022"]
[White "Roman, Rodrigo"]
[Black "Ramirez, Alejandro"]
[WhiteFideId "3701220"]
[BlackFideId "6500617"]
[WhiteElo "2001"]
[BlackElo "2694"]
[Result "0-1"]
[Round "02"]
[TimeControl "180+1"]
[Date "2022.11.02"]
[WhiteClock "0:00:04"]
[BlackClock "0:00:08"]

1. e4 c5 2. Nf3 e6 3. g3 a6 4. Bg2 b5 5. O-O Bb7 6. Re1 d6 7. d4 cxd4 8. Nxd4 Be7 9. a4 bxa4 10. Rxa4 Nd7 11. Ra1 Rb8 12. Nc3 Ngf6 13. Be3 O-O 14. Nb3 Qc7 15. Qd2 Ne5 16. Na5 Ba8 17. b3 Rfc8 18. Bd4 Ned7 19. Nc4 e5 20. Be3 h6 21. Rxa6 Nc5 22. Bxc5 Qxc5 23. Rd1 Bb7 24. Ra5 Qc6 25. Nd5 Nxd5 26. Rxd5 Rc7 27. Ra1 Bg5 28. Qb4 Be7 29. h4 Qe8 30. Rb5 d5 31. Nd6 Qd7 32. Rb6 Kh7 33. Ra7 d4 34. Kh2 Bc6 35. Rxc7 Qxc7 36. Rxc6 Qxc6 37. Qxb8 Bxd6 38. Qd8 Bb4 39. Qb8 Bd6 40. Qd8 h5 41. Qg5 g6 42. Qf6 Kg8 43. f4 Qc7 44. fxe5 Bxe5 45. Qf2 Qc3 46. Kh3 d3 47. cxd3 Qxd3 48. Kh2 Qxb3 49. Bh3 Qd3 50. Qg2 Kg7 51. Bc8 Qc3 52. Bb7 Qc7 53. Bd5 Qd6 54. Kh3 Qd7+ 55. Kh2 Qa4 56. Kh3 Qd4 57. Kh2 Qe3 58. Kh3 f6 59. Kh2 g5 60. hxg5 fxg5 61. Be6 h4 62. Kh3 Bxg3 63. Kg4 Kh6 64. Bf5 Be5 65. Qf3 Qg1+ 66. Kh3 g4+ 67. Bxg4 Qh2# 0-1


[Site "https://www.chess.com"]

[Event "Titled Tuesday Blitz November 01 Late 2022"]
[White "Roque Sola, Gisela"]
[Black "Jaferian, Koosha"]
[WhiteFideId "5120241"]
[BlackFideId "12507440"]
[WhiteElo "1961"]
[BlackElo "2127"]
[Result "0-1"]
[Round "02"]
[TimeControl "180+1"]
[Date "2022.11.02"]
[WhiteClock "0:00:08"]
[BlackClock "0:00:06"]

1. e4 c5 2. Nf3 d6 3. d4 cxd4 4. Nxd4 Nf6 5. Nc3 a6 6. Be2 e5 7. Nb3 Be6 8. O-O Be7 9. Bf3 O-O 10. a4 Nc6 11. Be3 Rc8 12. Re1 Na5 13. Nd2 d5 14. exd5 Nxd5 15. Nxd5 Bxd5 16. c3 Nc6 17. Bxd5 Qxd5 18. Qf3 Qe6 19. h3 f5 20. Rad1 e4 21. Qg3 Bf6 22. Bc5 Rfd8 23. Bb6 Rd7 24. Nf1 Ne5 25. Bd4 Rcd8 26. Ne3 Ng6 27. Bxf6 Qxf6 28. Rxd7 Rxd7 29. Qb8+ Nf8 30. Rd1 Rxd1+ 31. Nxd1 Qe7 32. Ne3 Qd7 33. g3 Kf7 34. Qe5 g6 35. Kg2 Qe6 36. Qc7+ Qe7 37. Qc4+ Kg7 38. Qd4+ Qf6 39. Qd5 Qf7 40. Qd4+ Qf6 41. Qd5 Qe7 42. Nc4 Ne6 43. Qe5+ Kh6 44. Nd6 Qd7 45. c4 Ng5 46. Qf4 Kg7 47. Qxg5 Qxd6 48. Qe3 Kf6 49. Qc3+ Qe5 50. Qb4 Qe7 51. Qb6+ Kf7 52. c5 Qd7 53. Qb3+ Ke7 54. Qc4 Kd8 55. b4 Kc7 56. b5 axb5 57. axb5 Qe7 58. b6+ Kc6 59. Qd4 Qxc5 60. Qd8 Qxb6 61. Qf6+ Kb5 62. Qb2+ Ka6 63. Qa3+ Qa5 64. Qd6+ b6 65. Qc7 Qc5 66. Qxh7 Qc6 67. Qg8 e3+ 68. Kf1 Qc1+ 69. Ke2 Qd2+ 70. Kf3 Qxf2# 0-1


[Site "https://www.chess.com"]